 Dungeon Crawl Stone Soup version 0.31-a0-219-g8d62b2e7bb (webtiles) character file.

Game seed: 8279536187047666592

28 qw the Shield-Bearer (level 3, -5/23 HPs)
             Began as a Gargoyle Fighter on July 3, 2023.
             Slain by Terence
             ... wielding a +2 morningstar of protection
              (9 damage)
             ... on level 2 of the Dungeon.
             The game lasted 00:00:34 (1135 turns).

qw the Shield-Bearer (Gargoyle Fighter)             Turns: 1135, Time: 00:00:35

Health: -5/23      AC: 13    Str: 21    XL:     3   Next: 14%
Magic:  3/3        EV:  7    Int:  8    God:
Gold:   60         SH:  4    Dex:  9    Spells: 2/2 levels left

rFire   . . .        Y - +0 war axe
rCold   . . .        c - +0 buckler
rNeg    + . .        e - +0 chain mail
rPois   inf          (no helmet)
rElec   +            (no cloak)
rCorr   .            j - +0 pair of gloves
SInv    .            (no boots)
Will    .....        (no amulet) Stlth
                     (no ring)
HPRegen 0.23/turn    (no ring)
MPRegen 0.08/turn

%: no passive effects
@: no status effects
A: sickness immunity, AC +3, negative energy resistance 1, electricity
resistance, torment resistance 1, petrification resistance
a: no special abilities


You were on level 2 of the Dungeon.
You visited 1 branch of the dungeon, and saw 2 of its levels.

You collected 60 gold pieces.


Innate Abilities, Weirdness & Mutations

You are immune to sickness and miasma.
Your stone body is resilient. (AC +3)
You are immune to poison.
You resist negative energy. (rN+)
You are resistant to electric shocks. (rElec)
You are resistant to unholy torment.
You are immune to petrification.


   Skills:
 - Level 3.2 Fighting
 + Level 3.2 Axes
 - Level 3.2 Armour
 - Level 3.2 Shields


You had 2 spell levels left.
You didn't know any spells.
Your spell library was empty.

Inventory:

Hand Weapons
 g - a +0 club
 Y - a +0 war axe (weapon)
Armour
 c - a +0 buckler (worn)
 e - a +0 chain mail (worn)
 j - a +0 pair of gloves (worn)
Potions
 d - a potion of might

Dungeon Overview and Level Annotations

Branches:
Dungeon (2/15)

Altars:

Annotations:
D:2 Terence


Message History

The bat barely misses you.
You closely miss the bat. The bat barely misses you.
You block the bat's attack.
You hit the bat but do no damage. The bat closely misses you. The bat hits you.
The bat completely misses you.
You slash the bat!
You kill the bat!
Terence the Incautious comes into view.
He is wielding a +2 morningstar of protection and wearing a +3 chain mail of cold resistance.
Terence shouts!
Enter note: An adder comes into view.
A kobold comes into view. It is wielding a +0 whip.
You barely miss Terence.
Terence hits you with a +2 morningstar of protection!
You completely miss the adder. You hit Terence but do no damage.
The adder closely misses you. Terence closely misses you.
The adder bites you but does no damage.
Terence hits you with a +2 morningstar of protection!
You barely miss the adder. You hit Terence but do no damage.
You block the adder's attack. Terence hits you but does no damage.
You hit the adder.
The adder is heavily wounded.
You hit the kobold.
You kill the kobold!
You hit Terence but do no damage. The adder bites you but does no damage.
Terence hits you but does no damage. The adder barely misses you.
You miss the adder.
The adder is heavily wounded.
You hit Terence but do no damage. The adder bites you but does no damage.
Terence hits you with a +2 morningstar of protection.
The adder bites you but does no damage. Terence barely misses you.
You barely miss the adder.
The adder is heavily wounded.
You hit Terence but do no damage. The adder completely misses you.
Terence hits you with a +2 morningstar of protection!
You die...

#.......# #.....##.#......
#.......# #....<'.........
#.......###.....##.##.####
#............#####.# #
#.........%..# #.#
#............#####.#
#................#.#
#..................#
#####.......@......#
#......)@S.....#
#..............#
#..............#
#..............#
#..............#
########....... .......


You could see Terence and an adder.

Vanquished Creatures
  A dart slug (D:1)
  3 endoplasms (D:1)
  3 goblins (D:1)
  4 hobgoblins
  2 kobolds
  2 quokkas (D:1)
  4 bats
  2 frilled lizards (D:1)
  2 rats (D:1)
23 creatures vanquished.

Notes
Turn   | Place    | Note
-------+----------+-------------------------------------------
     0 | D:1      | qw the Gargoyle Fighter began the quest for the Orb.
     0 | D:1      | Reached XP level 1. HP: 14/14 MP: 1/1
     0 | D:1      | 0 ||| qw: Version: 0.3-a-40-ge99b1a8
     0 | D:1      | 0 ||| qw: Game counter: 391
     0 | D:1      | 0 ||| qw: Melee chars always use a shield: true
     0 | D:1      | 0 ||| qw: God list: Okawaru
     0 | D:1      | 0 ||| qw: Allow faded altars: false
     0 | D:1      | 0 ||| qw: Do Orc after clearing Dungeon:15 true
     0 | D:1      | 0 ||| qw: Do second Lair branch before Depths: true
     0 | D:1      | 0 ||| qw: Lair rune preference: random
     0 | D:1      | 0 ||| qw: Goals: Normal, Zot:1-4, Slime:5, God:TSO, Crypt,
                  | Tomb, Abyss, Pan, Hells, Win
     0 | D:1      | 0 ||| PLANNING D:1-11
   216 | D:1      | Reached XP level 2. HP: 15/19 MP: 2/2
   301 | D:1      | Found a faded altar of an unknown god.
   383 | D:1      | 383 ||| FLEEEEING.
   460 | D:1      | 460 ||| Stepping ~*~*~tactically~*~*~ (stealth).
   469 | D:1      | 469 ||| Stepping ~*~*~tactically~*~*~ (stealth).
   490 | D:1      | 490 ||| Stepping ~*~*~tactically~*~*~ (hiding).
   699 | D:1      | Reached skill level 3 in Axes
   824 | D:1      | Reached XP level 3. HP: 23/23 MP: 3/3
   962 | D:1      | 962 ||| UPGRADING to +0 chain mail.
   972 | D:1      | 972 ||| DROPPING +0 scale mail.
   973 | D:1      | 973 ||| UPGRADING to +0 pair of gloves.
   978 | D:1      | 978 ||| READING scroll labelled HOMIDE SYCAVEB.
   979 | D:1      | 979 ||| READING scroll labelled OLEGAIH MIGACW.
   980 | D:1      | 980 ||| READING scroll labelled OHUSTO ITUENG.
   981 | D:1      | 981 ||| READING scroll labelled MEG MONOBLUSS.
  1071 | D:2      | 1071 ||| FLEEEEING.
  1086 | D:2      | 1086 ||| Stepping ~*~*~tactically~*~*~ (stealth).
  1124 | D:2      | Noticed Terence
  1134 | D:2      | HP: 3/23 [Terence/+2 morningstar of protection (6)]
  1135 | D:2      | Slain by Terence

Levels and vault maps discovered:
D:1:      dpeg_arrival_tiny_a, layout_loops_ring, shapermc_ecumenical_altar_gd
D:2:      layout_basic, uniq_natasha, uniq_terence

Skill      XL: |  1  2 |
---------------+-------+-----
Axes           | 2 3 |  3.2
Fighting       | |  3.2
Armour         | |  3.2
Shields        | |  3.2

Action                     || total
---------------------------++-------
  Melee: War axe           ||    86
    Use: Scroll            ||     4
 Armour: Scale mail        ||    31
         Chain mail        ||    11
  Dodge: Dodged            ||    39
  Block: Buckler           ||    16

Table legend:
 A = Non-vault XP
 B = Vault XP
 C = Vault XP percentage of total XP
 D = Non-vault monster count
 E = Vault monster count
 F = Vault count percentage of total count
                 A         B        C        D         E       F
            +---------+---------+-------+---------+---------+-------
      Total |      41 |       0 |   0.0 |      23 |       0 |   0.0
            +---------+---------+-------+---------+---------+-------
        D:1 |      34 |       0 |   0.0 |      19 |       0 |   0.0
        D:2 |       7 |       0 |   0.0 |       4 |       0 |   0.0
            +---------+---------+-------+---------+---------+-------
